 Dungeon Crawl Stone Soup version 0.26-a0-683-g5206c1d7ac (webtiles) character file.

Game seed: 759219885751344157

5040 yilan the Basher (level 10, 0/75 HPs)
             Began as a Palentonga Fighter on Oct 21, 2020.
             Was an Elder of Hepliaklqana.
             Slain by an orc warrior
             ... wielding a +0 dire flail
              (14 damage)
             ... while paralysed by an orc sorcerer
             ... on level 1 of the Orcish Mines on Oct 22, 2020.
             The game lasted 01:28:17 (13062 turns).

yilan the Basher (Palentonga Fighter)              Turns: 13062, Time: 01:28:20

Health: 0/75       AC: 14    Str: 23    XL:     10   Next: 30%
Magic:  10/10      EV:  1    Int:  9    God:    Hepliaklqana [****..]
Gold:   686        SH:  0    Dex: 15    Spells: 9/9 levels left

rFire    + . .     SeeInvis +   x - +4 mace (protect)
rCold    x . .     Faith    +   c - +0 kite shield
rNeg     . . .     Spirit   .   D - +0 plate armour
rPois    .         Reflect  .   (no helmet)
rElec    .         Harm     .   h - +1 cloak
rCorr    .         Rampage  .   L - +0 pair of gloves
MR       .....                  (no barding)
Stlth    ..........             j - amulet of faith
HPRegen  0.22/turn              v - +6 ring of dexterity
MPRegen  0.12/turn              y - ring of fire

@: paralysed, lightly drained
A: large, reduced essence, rugged brown scales 3, camouflage 1, see invisible,
deformed body, mutation resistance 1, sense surroundings 1, MP-powered wands,
roll, armoured tail
a: Rolling Charge, Recall Ancestor, Ancestor Identity, Transference, Idealise,
Renounce Religion


You were on level 1 of the Orcish Mines.
You worshipped Hepliaklqana.
Hepliaklqana was greatly pleased with you.
You visited 2 branches of the dungeon, and saw 10 of its levels.

You collected 686 gold pieces.

Inventory:

Hand Weapons
 b - the +3 hand axe of Cegochutu {flame, rN+ Str-3 Int+7}
   (You took it off an orc wizard on level 9 of the Dungeon)

   It has been specially enchanted to burn those struck by it, causing extra
   injury to most foes and up to half again as much damage against particularly
   susceptible opponents.
   Big, fiery blades are also staple armaments of hydra-hunters.
   It affects your strength (-3).
   It affects your intelligence (+7).
   It protects you from negative energy.
 x - a +4 mace of protection (weapon)
Armour
 c - a +0 kite shield (worn)
 h - a +1 cloak (worn)
 D - a +0 plate armour (worn)
 L - a +0 pair of gloves (worn)
Magical Staves
 z - an uncursed staff of poison {unknown}
Jewellery
 i - an uncursed ring of ice
 j - an amulet of faith (around neck)
 q - an uncursed ring of magical power
 v - a +6 ring of dexterity (left hand)
 y - a ring of fire (right hand)
 E - an uncursed amulet of the acrobat
 K - an uncursed ring of magical power
Wands
 w - a wand of iceblast (17)
 B - a wand of acid (8)
 C - a wand of flame (23)
 F - a wand of polymorph (8)
 I - a wand of random effects (50)
Scrolls
 e - 8 scrolls of remove curse
 n - 7 scrolls of teleportation
 o - 3 scrolls of immolation {unknown}
 p - 2 scrolls of random uselessness {unknown}
 r - a scroll of blinking {unknown}
 s - 2 scrolls of fog
 t - a scroll of fear {unknown}
 J - a scroll of amnesia {unknown}
Potions
 a - a potion of resistance
 d - 2 potions of might
 f - 2 potions of haste
 g - a potion of mutation
 k - a potion of stabbing {unknown}
 l - 2 potions of brilliance {unknown}
 m - 3 potions of curing
 u - a potion of lignification {unknown}
 A - 3 potions of flight {unknown}
 G - a potion of magic {unknown}
 H - 2 potions of berserk rage {unknown}


   Skills:
 - Level 4.0(3.9) Fighting
   Level 3.9(3.8) Long Blades
 * Level 10.0(9.9) Maces & Flails
 + Level 6.7(6.6) Armour
 * Level 6.8(6.7) Shields


You had 9 spell levels left.
You didn't know any spells.
Your spell library contained the following spells:

 Spells                   Type           Power        Failure   Level
 Poisonous Vapours        Pois/Air       #.....       100%        2
 Conjure Flame            Conj/Fire      #.......     100%        3
 Mephitic Cloud           Conj/Pois/Air  #.......     100%        3
 Freezing Cloud           Conj/Ice/Air   #.........   100%        6


Dungeon Overview and Level Annotations

Branches:
Dungeon (9/15)             Temple (0/1) D:7             Orc (1/2) D:9
   Lair: D:8-11

Altars:
Ashenzari
Elyvilon
Hepliaklqana
Nemelex Xobeh
Okawaru
Vehumet
Yredelemnul
Zin


Innate Abilities, Weirdness & Mutations

You are completely covered in rugged brown scales. (AC +3, +7% HP)
You have supernaturally acute eyesight. (SInv)
Armour fits poorly on your strangely shaped body.
You can roll at foes to attack.
You have a long armoured tail.
Your life essence is reduced to manifest your ancestor. (-10% HP)
Your skin changes colour to match your surroundings (Stealth+).
You are somewhat resistant to further mutation.
You passively map a small area around you.
You expend magic power (3 MP) to strengthen your wands.


Message History

The orc warrior hits you with a +0 dire flail!!
Ankhesenamen hits the cyclops with a +0 quarterstaff!!
The cyclops throws a large rock.
The large rock barely misses you.
The large rock misses the orc wizard.
The orc sorcerer gestures at you while chanting.
You suddenly lose the ability to move!
The orc hits you but does no damage.
The orc closely misses Ankhesenamen.
Ankhesenamen hits the cyclops with a +0 quarterstaff.
The orc wizard hits you but does no damage.
The orc hits you but does no damage. The orc hits you with a +0 hand axe.
* * * LOW HITPOINT WARNING * * *
The orc hits you but does no damage.
The orc completely misses Ankhesenamen.
Ankhesenamen hits the cyclops with a +0 quarterstaff!!
The cyclops dies!
Your base Maces & Flails skill increases to level 10!
The orc wizard hits you with a +0 dagger.
* * * LOW HITPOINT WARNING * * *
The orc hits you but does no damage.
The orc warrior hits you with a +0 dire flail!
You die...

##.##.###....
##......#..... *
##..............#
*
.................
,.$.....$........#
#..o.....#..... *
,
...#(..oo$...#...
*
......Oooo....#..
* ,
,.....$.o@o.......
.........oR.#... ,
,
..........)o..$..
..$...#$.........
,
#....##.#........
*
##...,...........
.......#........,
#. #.##.....#.#.
.., #....##.


You could see the friendly Ankhesenamen the battlemage, an orc knight, an orc
sorcerer (strong), 2 orc warriors, an ogre, an orc wizard (strong) and 5 orcs.

Vanquished Creatures
  Pikel (D:7)
  A steam dragon (D:9)
  Menkaure (D:6)
  A water moccasin (D:6)
  An orc warrior (D:8)
  A sky beast (D:7)
  2 ice beasts
  A hornet zombie (D:8)
  2 ogres
  6 centaurs
  A big kobold (D:9)
  2 bullfrogs
  2 scorpions (D:8)
  6 howler monkeys
  5 wights
  A bullfrog zombie (D:6)
  2 hounds
  2 centaur skeletons
  4 orc priests
  6 orc wizards
  A statue (D:4)
  4 worker ants
  A hound zombie (D:5)
  6 gnolls
  7 adders
  A shadow imp (D:9)
  2 white imps
  An ufetubus (D:5)
  An adder zombie (D:8)
  2 adder skeletons
  A worm (D:3)
  3 dart slugs
  5 leopard geckos
  23 orcs
  11 bats
  6 giant cockroaches
  5 goblins
  9 hobgoblins
  7 jackals
  21 kobolds
  7 quokkas
  8 frilled lizards
  A leopard gecko skeleton (D:4)
  13 rats
194 creatures vanquished.

Vanquished Creatures (collateral kills)
  A cyclops (Orc:1)
  Edmund (D:6)
  An ice beast (D:8)
  2 bullfrogs
  2 big kobolds
  2 scorpions (D:8)
  4 wights
  3 howler monkeys
  A bullfrog zombie (D:8)
  2 hounds
  An orc wizard (D:9)
  An orc priest (D:6)
  Crazy Yiuf (D:6)
  A centaur skeleton (D:7)
  2 worker ants
  A howler monkey zombie (D:7)
  A gnoll (D:6)
  A shadow imp (D:8)
  A leopard gecko (D:7)
  4 orcs
  7 kobolds
40 creatures vanquished.

Vanquished Creatures (others)
  An ancestor (D:6)
  A fungus (D:1)
  2 plants (D:7)
4 creatures vanquished.

Grand Total: 238 creatures vanquished

Notes
Turn   | Place    | Note
-------+----------+-------------------------------------------
     0 | D:1      | yilan the Palentonga Fighter began the quest for the Orb.
     0 | D:1      | Reached XP level 1. HP: 20/20 MP: 1/1
   260 | D:1      | Reached XP level 2. HP: 16/27 MP: 2/2
  1053 | D:1      | Reached XP level 3. HP: 22/33 MP: 3/3
  2097 | D:2      | Reached XP level 4. HP: 41/41 MP: 4/4
  2629 | D:3      | Reached XP level 5. HP: 20/49 MP: 5/5
  3248 | D:4      | Reached skill level 1 in Maces & Flails
  3332 | D:4      | Reached XP level 6. HP: 21/55 MP: 6/6
  3635 | D:4      | Found a hazy altar of Hepliaklqana.
  3648 | D:4      | Became a worshipper of Hepliaklqana the Forgotten
  3783 | D:4      | Reached skill level 2 in Maces & Flails
  3942 | D:4      | Found a radiant altar of Vehumet.
  4321 | D:5      | Entered Level 5 of the Dungeon
  4526 | D:5      | Reached * piety under Hepliaklqana
  4693 | D:5      | Found a glowing silver altar of Zin.
  4748 | D:5      | Reached skill level 3 in Maces & Flails
  5134 | D:6      | Noticed an ice beast
  5135 | D:6      | Noticed a water moccasin
  5147 | D:6      | Killed an ice beast
  5147 | D:6      | Reached XP level 7. HP: 52/57 MP: 7/7
  5149 | D:6      | Reached skill level 4 in Maces & Flails
  5345 | D:6      | Found a runed translucent door.
  5346 | D:6      | Noticed Crazy Yiuf
  5354 | D:6      | Killed Crazy Yiuf
  5502 | D:6      | Noticed Menkaure
  5508 | D:6      | HP: 2/57 [Menkaure (13)]
  5511 | D:6      | Killed Menkaure
  5511 | D:6      | Reached skill level 5 in Maces & Flails
  6024 | D:6      | Reached XP level 8. HP: 55/64 MP: 8/8
  6346 | D:6      | Noticed Edmund
  6352 | D:6      | Killed Edmund
  6352 | D:6      | Reached skill level 6 in Maces & Flails
  6422 | D:6      | Reached ** piety under Hepliaklqana
  6423 | D:6      | Remembered your ancestor Ankhesenamen as a battlemage
  6709 | D:7      | Reached skill level 5 in Armour
  6745 | D:7      | Noticed Pikel
  6755 | D:7      | Killed Pikel
  6755 | D:7      | Reached skill level 7 in Maces & Flails
  6755 | D:7      | Reached skill level 5 in Shields
  6755 | D:7      | Reached XP level 9. HP: 39/68 MP: 9/9
  7127 | D:7      | Found a staircase to the Ecumenical Temple.
  7197 | D:7      | Found a basalt altar of Yredelemnul.
  7234 | D:7      | Reached skill level 8 in Maces & Flails
  7249 | D:7      | Found a sparkling altar of Nemelex Xobeh.
  7323 | D:7      | Found a broken altar of Ashenzari.
 11033 | D:7      | Gained mutation: You are frail. (-10% HP) [potion of
                  | mutation]
 11033 | D:7      | Gained mutation: You expend magic power (3 MP) to
                  | strengthen your wands. [potion of mutation]
 11033 | D:7      | Gained mutation: You have a pair of small horns on your
                  | head. [potion of mutation]
 11033 | D:7      | Gained mutation: Your skin changes colour to match your
                  | surroundings (Stealth+). [potion of mutation]
 11035 | D:7      | Lost mutation: You have a pair of small horns on your head.
                  | [potion of mutation]
 11035 | D:7      | Lost mutation: You are frail. (-10% HP) [potion of
                  | mutation]
 11035 | D:7      | Gained mutation: You passively map a small area around you.
                  | [potion of mutation]
 11035 | D:7      | Gained mutation: You are somewhat resistant to further
                  | mutation. [potion of mutation]
 11325 | D:8      | Reached skill level 9 in Maces & Flails
 11666 | D:8      | Reached XP level 10. HP: 75/75 MP: 10/10
 11694 | D:8      | Found an iron altar of Okawaru.
 11891 | D:8      | Reached *** piety under Hepliaklqana
 12135 | D:9      | Found a white marble altar of Elyvilon.
 12176 | D:9      | Found a staircase to the Orcish Mines.
 12243 | D:9      | Identified the +3 hand axe of Cegochutu {flame, rN+ Str-3
                  | Int+7}
 12795 | D:9      | Upgraded the game from 0.26-a0-682-g294304f6e8 to
                  | 0.26-a0-683-g5206c1d7ac
 13053 | Orc:1    | Entered Level 1 of the Orcish Mines
 13053 | Orc:1    | Noticed a cyclops
 13053 | Orc:1    | Noticed an orc sorcerer
 13056 | Orc:1    | Noticed an orc knight
 13058 | Orc:1    | Reached **** piety under Hepliaklqana
 13060 | Orc:1    | Paralysed by an orc sorcerer for 3 turns
 13062 | Orc:1    | Killed a cyclops
 13062 | Orc:1    | Reached skill level 10 in Maces & Flails
 13062 | Orc:1    | Slain by an orc warrior

Illustrated notes

Levels and vault maps discovered:
D:1:      dpeg_cavernosity, layout_rooms
D:2:      layout_loops_cross, minmay_joined_circles
D:3:      layout_rooms
D:4:      layout_basic, lemuel_round_altar, vehumet_statue,
          nrook_mini_backslash, amethyst_killhole
D:5:      layout_loops_corners, basic_altar
D:6:      layout_cave_pools, serial_co_window_serial, co_window_paths_b,
          co_window_paths_b, co_window_paths_a, co_window_corner_a,
          co_window_paths_a, co_window_corner_a, co_window_paths_b,
          co_window_broadway_c, co_window_of_opportunity_c, co_window_2corner,
          co_window_of_opportunity_b, co_window_broadway_c,
          co_window_unsneaky_path_a, co_window_unsneaky_path_b,
          co_window_4corner_a, co_window_paths_e, glass_columns_a,
          glass_columns_a, minmay_misc_feat_tower, uniq_edmund,
          uniq_crazy_yiuf_cottage, uniq_menkaure
D:7:      layout_basic, ashenzari_altar_1,
          chequers_temple_overflow_statue_of_worship,
          minmay_temple_entry_gardened_gates, minivault_26,
          chequers_serial_rivers_micro_e, uniq_pikel
D:8:      minmay_skewed_foursquare, layout_loops_corners, okawaru_trees_2
D:9:      layout_roguey, lemuel_round_altar, orc_0_dummy, lemuel_flame_loot_1
Orc:1:    layout_caves, basic_altar

Skill      XL: |  1  2  3  4  5  6  7  8  9 10 |
---------------+-------------------------------+-----
Long Blades    | 3 |  3.9
Armour         | 3 4 5 6 |  6.7
Shields        | 3 4 5 6 |  6.8
Maces & Flails | 1 3 5 7 9 10 | 10.0
Fighting       | 4 |  4.0

Action                   |  1- 3 |  4- 6 |  7- 9 | 10-12 || total
-------------------------+-------+-------+-------+-------++-------
Melee: Long sword        |   172 |    91 |       |       ||   263
       Tailslap          |    23 |    26 |    53 |    10 ||   112
       Mace              |       |   114 |   240 |    56 ||   410
Invok: Ancestor Identity |       |     1 |       |       ||     1
       Ancestor Life: Ba |       |       |     1 |       ||     1
 Abil: Rolling Charge    |    21 |    20 |     7 |     2 ||    50
  Use: Scroll            |       |     9 |     4 |       ||    13
       Potion            |       |       |     3 |       ||     3
 Stab: Distracted        |       |       |     3 |     1 ||     4
Armor: Scale mail        |    81 |    18 |       |       ||    99
       Plate armour      |       |   112 |   168 |    34 ||   314
       Chain mail        |       |     7 |       |       ||     7
Dodge: Dodged            |    37 |    23 |    23 |     6 ||    89
Block: Kite shield       |    68 |   104 |   133 |    30 ||   335
       Rpst.: Long sword |    16 |     2 |       |       ||    18

Table legend: (Time is in decaauts)
 A = Elapsed time spent in this place.
 B = Non-inter-level travel time spent in this place.
 C = Inter-level travel time spent in this place.
 D = Time resting spent in this place.
 E = Time spent auto-exploring this place.
 F = Levels seen in this place.
 G = Mean time per level.
                   A        B        C        D        E       F      G
               +--------+--------+--------+--------+--------+-----+--------+
         Total |  13203 |  13141 |     62 |   5280 |   4748 |  10 | 1320.3 |
       Dungeon |  13195 |  13133 |     62 |   5280 |   4748 |   9 | 1466.1 |
  Orcish Mines |      8 |      8 |      0 |      0 |      0 |   1 |    8.0 |
               +--------+--------+--------+--------+--------+-----+--------+

Top non-repeatable levels by time:
     D:7: 4371 daAuts
     D:6: 1587 daAuts
     D:1: 1391 daAuts
     D:4: 1149 daAuts
     D:3: 1031 daAuts
     D:8: 1031 daAuts
     D:9: 951 daAuts
     D:2: 853 daAuts
     D:5: 828 daAuts
   Orc:1: 8 daAuts
